 Dungeon Crawl Stone Soup version 0.31-a0-1388-g4b2ba238e7 (webtiles) character file.

Game seed: 7506650495004399595

3456 bjtr the Destroyer (level 10, 0/47 HPs)
             Began as a Vine Stalker Conjurer on Dec 25, 2023.
             Slain by a troll (6 damage)
             ... on level 7 of the Dungeon.
             The game lasted 00:30:39 (6811 turns).

bjtr the Destroyer (Vine Stalker Conjurer)          Turns: 6811, Time: 00:30:40

Health: 0/47       AC: 11    Str: 14    XL:     10   Next: 6%
Magic:  0/23       EV: 13    Int: 28    God:
Gold:   293        SH:  0    Dex: 12    Spells: 7/25 levels left

rFire   . . .        a - +1 rapier
rCold   . . .        (no shield)
rNeg    . . .        M - +4 robe of the Orcish Mines {Regen+ Str+3}
rPois   .            w - +0 helmet
rElec   .            (no cloak)
rCorr   .            (no gloves)
SInv    .            (no boots)
Will    +....        (no amulet)
Stlth   +++          k - +6 ring of intelligence
HPRegen 1.87/turn    u - +4 ring of protection
MPRegen 0.18/turn

%: guardian spirit
@: no status effects
A: fangs 3, regeneration 1, magic shield, antimagic bite, no potion heal 2
a: no special abilities


You were on level 7 of the Dungeon.
You visited 2 branches of the dungeon, and saw 8 of its levels.

You collected 293 gold pieces.

Inventory:

Hand Weapons
 a - a +1 rapier (weapon)
 d - a +2 dire flail of draining
 g - a +0 short sword
 h - a +0 sling
 l - a +0 dagger
 q - a +0 morningstar
 v - a +0 scimitar
 x - a +3 flail
Missiles
 e - 8 javelins
 r - 9 poisoned darts
 I - 6 curare-tipped darts
Armour
 w - a +0 helmet (worn)
 L - +0 steam dragon scales
 M - the +4 robe of the Orcish Mines (worn) {Regen+ Str+3}
   (You found it on level 7 of the Dungeon)

   Str+3:     It affects your strength (+3).
   Regen+:    It increases your rate of health regeneration.
Magical Staves
 f - a staff of air
Jewellery
 k - a +6 ring of intelligence (left hand)
 p - a +6 ring of dexterity
 u - a +4 ring of protection (right hand)
 J - a ring of ice
Talismans
 m - a serpent talisman
Wands
 i - a wand of iceblast (8)
 o - a wand of polymorph (4)
 F - a wand of quicksilver (8)
Scrolls
 c - a scroll of revelation
 j - a scroll of poison
 y - a scroll of amnesia
 E - a scroll of acquirement
Potions
 b - a potion of magic
 n - a potion of attraction
 s - 2 potions of cancellation
 z - a potion of curing
 A - a potion of lignification
 B - a potion of berserk rage
 D - a potion of resistance {unknown}
 H - a potion of enlightenment


   Skills:
 + Level 2.4 Fighting
 + Level 3.5 Short Blades
 + Level 5.1 Dodging
 + Level 5.5 Stealth
 + Level 8.0 Spellcasting
 + Level 8.6 Conjurations
 + Level 1.4 Fire Magic


You had 7 spell levels left.
You knew the following spells:

 Your Spells              Type           Power      Damage    Failure   Level
a - Magic Dart            Conj           100%       1d8       1%          1
b - Searing Ray           Conj           100%       2d8       1%          2
c - Fulminant Prism       Conj/Alch      17%        3d10      9%          4
d - Iskenderun's Mystic   Conj/Tloc      35%        2d8       9%          4
e - Flame Wave            Conj/Fire      39%        2d11      6%          4
f - Inner Flame           Hex/Fire       15%        N/A       11%         3

Your spell library contained the following spells:

 Spells                   Type           Power      Damage    Failure   Level
 Lesser Beckoning         Tloc           22%        N/A       8%          2
 Gell's Gravitas          Tloc           11%        N/A       14%         3
 Teleport Other           Tloc           11%        N/A       14%         3
 Sticky Flame             Fire/Alch      15%        2d5       36%         4


Dungeon Overview and Level Annotations

Branches:
Dungeon (7/15)             Temple (1/1) D:6

Altars:
Cheibriados
Dithmenos
Elyvilon
Fedhas
Gozag
Kikubaaqudgha
Makhleb
Nemelex Xobeh
Okawaru
Qazlal
Ru
Sif Muna
Uskayaw
Wu Jian
Zin


Innate Abilities, Weirdness & Mutations

You have razor-sharp teeth.
Your natural rate of healing is unusually fast.
When hurt, damage is shared between your health and your magic reserves.
Your bite disrupts and absorbs the magic of your enemies.
Potions cannot restore your health.


Message History

Your Dodging skill increases to level 5!
Your Spellcasting skill increases to level 8!
Your Fire Magic skill increases to level 1!
You have reached level 10!
A troll comes into view.
The troll moves out of view.
A cyan ugly thing comes into view.
As you read the scroll labelled DOX KIUXZIO, it crumbles to dust.
Wisps of shadow whirl around you...
It was a scroll of summoning.
The troll closely misses your howler monkey.
The troll barely misses your howler monkey. x2
Unknown command.
The troll barely misses your howler monkey.
The troll completely misses your howler monkey.
The troll claws your howler monkey!
Your howler monkey hits the troll.
A vampire mosquito comes into view.
The cyan ugly thing engulfs your howler monkey!
Your howler monkey dies!
Your howler monkey's corpse dissolves into shadows!
Your sky beast flickers out of sight for a moment.
Your phantom barely misses the troll.
You swap places.
The troll bites you! The troll claws you!
* * * LOW HITPOINT WARNING * * *
The troll closely misses you.
Your sky beast hits the troll.
Your sky beast shocks the troll.
Your phantom hits the troll.
The cyan ugly thing closely misses your sky beast.
The vampire mosquito bites you.
* * * LOW HITPOINT WARNING * * *
The vampire mosquito draws strength from your injuries!
Your phantom barely misses the troll.
Something engulfs your sky beast! Something shocks your sky beast.
Your sky beast completely resists.
This is a scroll of acquirement!
As you read the scroll labelled JYURIT AMOI, it crumbles to dust.
It is a scroll of enchant weapon.
Your +0 rapier glows red for a moment.
The vampire mosquito bites you.
* * * LOW HITPOINT WARNING * * *
The vampire mosquito draws strength from your injuries!
The troll bites you.
You die...

..###...###..# ### #.# #.##
......#.# #..# #.## #.# #.# ##
..##....###<.# #..# #.# #.# #.
..#.....l....###..# #.# #.# #.
....###z###....#..####.#####.###.
...##.....##..f§.................
#.##z#####.##.uYW...##.#####.###.
###. ##.##.#Tz..##.# #.###. #.
##.#.#@#..##.# #.##.. #
#.#.#y#..##.# ###....#
##..#.#..##.# #....###
#.#.#.#..##(# #....#
#.#.#.#..##z# #.(..#
.##.#.##....# #....# .#
..#.##....# #....# .# .##.#
#...###..<.# # .. ##.##
###.####...##....###


You could see a skeletal warrior, a troll (ally target), a vampire mosquito, a
sleepcap, a friendly sky beast (summoned) and a friendly phantom (summoned).

Vanquished Creatures
  A cyclops (D:7)
  Maggie (D:6)
  A komodo dragon (D:7)
  A kobold demonologist (D:6)
  A hornet (D:6)
  Sigmund (D:3)
  Eustachio (D:5)
  2 yaks (D:7)
  Edmund (D:4)
  An orc warrior (D:7)
  2 black bears
  2 centaurs (D:5)
  A phantom (D:6)
  A kobold brigand (D:7)
  A bullfrog (D:7)
  A scorpion (D:5)
  3 wights (D:7)
  A bombardier beetle (D:7)
  A jelly (D:6)
  2 orc priests
  A sleepcap (D:6)
  2 hounds
  An iguana (D:5)
  5 orc wizards
  4 gnolls (D:3)
  5 adders
  A shadow imp (D:6)
  3 white imps
  3 ufetubi
  A worm (D:2)
  2 dart slugs
  19 orcs
  3 ball pythons
  3 endoplasms
  3 giant cockroaches
  5 goblins
  7 hobgoblins
  5 kobolds
  2 quokkas (D:1)
  2 bats
  3 frilled lizards
  5 rats
111 creatures vanquished.

Vanquished Creatures (others)
  7 fulminant prisms
7 creatures vanquished.

Grand Total: 118 creatures vanquished

Notes
Turn   | Place    | Note
-------+----------+-------------------------------------------
     0 | D:1      | bjtr the Vine Stalker Conjurer began the quest for the Orb.
     0 | D:1      | Reached XP level 1. HP: 9/9 MP: 4/4
   123 | D:1      | Reached XP level 2. HP: 13/13 MP: 3/6
   533 | D:2      | Learned a level 2 spell: Searing Ray
   718 | D:2      | Reached XP level 3. HP: 16/16 MP: 4/7
  1246 | D:3      | Noticed Sigmund
  1380 | D:3      | Killed Sigmund
  1381 | D:3      | Reached skill level 5 in Conjurations
  1381 | D:3      | Reached XP level 4. HP: 21/21 MP: 0/10
  1381 | D:3      | Reached XP level 5. HP: 24/24 MP: 0/11
  1531 | D:3      | Reached XP level 6. HP: 28/28 MP: 8/12
  2618 | D:4      | Noticed Edmund
  2633 | D:4      | Killed Edmund
  2926 | D:5      | Entered Level 5 of the Dungeon
  2932 | D:5      | Learned a level 4 spell: Fulminant Prism
  2937 | D:5      | Learned a level 4 spell: Iskenderun's Mystic Blast
  2973 | D:5      | Reached XP level 7. HP: 21/32 MP: 6/14
  3553 | D:5      | Noticed Eustachio
  3568 | D:5      | Killed Eustachio
  3569 | D:5      | Reached skill level 1 in Short Blades
  3569 | D:5      | Reached skill level 5 in Spellcasting
  3891 | D:5      | Gained mutation: You have razor-sharp teeth. [Vine Stalker
                  | growth]
  3891 | D:5      | Reached XP level 8. HP: 28/37 MP: 8/17
  4312 | D:5      | Reached skill level 1 in Fighting
  4399 | D:5      | Found a shimmering blue altar of Sif Muna.
  4619 | D:6      | Noticed a kobold demonologist
  4628 | D:6      | Killed a kobold demonologist
  5311 | D:6      | Found a staircase to the Ecumenical Temple.
  5324 | D:6      | Learned a level 4 spell: Flame Wave
  5328 | D:6      | Learned a level 3 spell: Inner Flame
  5329 | Temple   | Entered the Ecumenical Temple
  5396 | D:6      | Noticed Maggie
  5405 | D:6      | Killed Maggie
  5406 | D:6      | Reached XP level 9. HP: 39/41 MP: 5/19
  5760 | D:7      | Reached skill level 5 in Stealth
  5956 | D:7      | Noticed a komodo dragon
  5978 | D:7      | Killed a komodo dragon
  6216 | D:7      | Identified the +4 robe of the Orcish Mines {Regen+ Str+3}
  6411 | D:7      | Noticed a cyclops
  6453 | D:7      | Noticed a hornet
  6466 | D:7      | Noticed a skeletal warrior
  6477 | D:6      | Paralysed by a hornet for 2 turns
  6489 | D:6      | Killed a hornet
  6794 | D:7      | Killed a cyclops
  6794 | D:7      | HP: 1/42 [spore (41)]
  6795 | D:7      | Reached skill level 5 in Dodging
  6795 | D:7      | Reached skill level 1 in Fire Magic
  6795 | D:7      | Reached XP level 10. HP: 4/47 MP: 0/23
  6805 | D:7      | Noticed a cyan ugly thing
  6811 | D:7      | Identified a scroll of acquirement
  6811 | D:7      | Slain by a troll

Illustrated notes

Levels and vault maps discovered:
D:1:      amcnicky_arrival_single_pillar, layout_rooms,
          dreamdust_mushroom_princess
D:2:      layout_rooms
D:3:      layout_rooms, uniq_sigmund
D:4:      layout_basic, uniq_edmund
D:5:      layout_basic, tgw_sif, kb_lookout_dungeons_type, uniq_eustachio
D:6:      layout_rooms, temple_hall, uniq_maggie
D:7:      minmay_the_grid_octo_2x2 [minmay_the_grid_octo_chip,
          minmay_the_grid_octo_77, minmay_the_grid_octo_toaster,
          minmay_the_grid_octo_prize_big_c], layout_rooms
Temple:   nicolae_temple_bog_church

Skill      XL: |  1  2  3  4  5  6  7  8  9 |
---------------+----------------------------+-----
Dodging        | 2 3 5 |  5.1
Stealth        | 3 4 5 |  5.5
Spellcasting   | 3 4 5 6 8 |  8.0
Conjurations   | 5 6 7 8 |  8.6
Short Blades   | 1 2 3 |  3.5
Fighting       | 1 2 |  2.4
Fire Magic     | 1 |  1.4

Action                     |  1- 3 |  4- 6 |  7- 9 | 10-12 || total
---------------------------+-------+-------+-------+-------++-------
  Melee: Unarmed           |     2 |       |       |       ||     2
         Short sword       |       |    50 |   111 |       ||   161
         Bite              |       |     8 |    30 |       ||    38
         Punch             |       |     2 |     2 |       ||     4
   Cast: Magic Dart        |    57 |    39 |    36 |       ||   132
         Searing Ray       |     1 |     3 |    34 |       ||    38
         Fulminant Prism   |       |       |     7 |       ||     7
         Inner Flame       |       |       |     8 |       ||     8
         Iskenderun's Myst |       |       |     2 |       ||     2
    Use: Scroll            |       |    12 |     2 |     2 ||    16
   Stab: Sleeping          |       |       |     4 |       ||     4
 Armour: Robe              |     9 |    32 |    85 |     5 ||   131
         Steam dragon scal |       |       |    63 |       ||    63
  Dodge: Dodged            |     6 |    39 |   110 |     1 ||   156

Table legend: (Time is in decaauts)
 A = Elapsed time spent in this place.
 B = Non-inter-level travel time spent in this place.
 C = Inter-level travel time spent in this place.
 D = Time resting spent in this place.
 E = Time spent auto-exploring this place.
 F = Levels seen in this place.
 G = Mean time per level.
                   A        B        C        D        E       F      G
               +--------+--------+--------+--------+--------+-----+--------+
         Total |   6804 |   6591 |    213 |   1300 |   3925 |   8 |  850.5 |
       Dungeon |   6781 |   6579 |    202 |   1300 |   3925 |   7 |  968.7 |
        Temple |     23 |     12 |     11 |      0 |      0 |   1 |   23.0 |
               +--------+--------+--------+--------+--------+-----+--------+

Top non-repeatable levels by time:
     D:5: 1697 daAuts
     D:6: 1097 daAuts
     D:7: 1062 daAuts
     D:4: 887 daAuts
     D:2: 793 daAuts
     D:3: 717 daAuts
     D:1: 526 daAuts
  Temple: 23 daAuts
